 Dungeon Crawl Stone Soup version 0.17.1-1-g73c8601 (webtiles) character file.

3787 PossumBlood the Cleaver (level 10, -3/70 HPs)
             Began as a Formicid Fighter on Jan 8, 2016.
             Was an Elder of Okawaru.
             Impaled on a porcupine's spines (5 damage)
             ... on level 8 of the Dungeon.
             The game lasted 00:18:29 (6423 turns).

PossumBlood the Cleaver (Formicid Fighter)          Turns: 6423, Time: 00:18:29

Health: -3/70      AC: 10    Str: 24    XL:     10   Next: 38%
Magic:  8/10       EV: 12    Int:  8    God:    Okawaru [****..]
Gold:   285        SH: 11    Dex: 10    Spells: 0 memorised, 9 levels left

rFire  . . .     SeeInvis +     n - +4 war axe (freeze)
rCold  . . .     Clarity  .     b - +0 scale mail
rNeg   . . .     SustAt   +     c - +0 shield
rPois  .         Gourm    .     (helmet unavailable)
rElec  .         Spirit   .     q - +0 cloak
rCorr  .         Warding  .     (no gloves)
rMut   .         Stasis   +     u - +0 pair of boots
MR     +....                    (no amulet)
Stlth  +.........               (no ring)
                                t - ring of sustain attributes

@: heroism, somewhat resistant to hostile enchantments, very unstealthy
A: permanent stasis, dig shafts and tunnels, four strong arms, antennae 3
a: Dig, Shaft Self, Heroism, Renounce Religion


You were on level 8 of the Dungeon.
You worshipped Okawaru.
Okawaru was greatly pleased with you.
You were hungry.

You visited 1 branch of the dungeon, and saw 8 of its levels.

You collected 285 gold pieces.

Inventory:

Hand Weapons
 a - a +0 war axe
 n - a +4 war axe of freezing (weapon)
 s - a +1 battleaxe of venom
Armour
 b - a +0 scale mail (worn)
 c - a +0 shield (worn)
 f - a +1 large shield
 l - a fire dragon hide
 q - a +0 cloak (worn)
 u - a +0 pair of boots (worn)
Jewellery
 t - a ring of sustain attributes (left hand)
Scrolls
 g - 3 scrolls of remove curse
 h - a scroll of fog
 i - a scroll of identify
 k - 2 scrolls of recharging
 m - a scroll of enchant armour
Potions
 d - 3 potions of might
 e - a potion of flight
 r - a potion of mutation
Comestibles
 o - a fruit


   Skills:
 - Level 3.2(8.2) Fighting
 + Level 13.8(18.8) Axes
 - Level 3.2(8.2) Armour
 - Level 3.6(8.6) Shields


You had 9 spell levels left.
You didn't know any spells.

Dungeon Overview and Level Annotations

Branches:
Dungeon (8/15)             Temple (0/1) D:6            Lair (0/8) D:8

Altars:
Fedhas
Gozag
Kikubaaqudgha
Makhleb
Okawaru
Ru
Zin
The Shining One

Shops:
D:6 *


Innate Abilities, Weirdness & Mutations

You are under a permanent stasis effect.
You can dig through walls and to a lower floor.
Your four strong arms can wield two-handed weapons with a shield.
You have a pair of large antennae on your head (SInv).


Message History

You block the sheep's attack. x2
Drink which item? (? for menu, Esc to quit)
Okay, then.
Read which item? (? for menu, Esc to quit)
As you read the scroll of fog, it crumbles to dust.
The scroll dissolves into smoke.
The sheep barely misses you. You block the sheep's attack.
The sheep bites you but does no damage.
You slash the sheep! You freeze the sheep.
You kill the sheep!
Okawaru accepts your kill.
You hit the sheep. You freeze the sheep.
The sheep is heavily wounded.
You slash the sheep! You freeze the sheep.
You kill the sheep!
Okawaru accepts your kill.
You slash the sheep! You freeze the sheep.
You kill the sheep!
Okawaru accepts your kill.
You are struck by the porcupine's spines.
You die...

P.Y{t.....
{..{.P...#
..P....
....#
{♣..#
{{#.<#
#†.# #r§#
#@§# #§§§#
#§.§.#
...#.##
.......
>.$##.#..
... . ...
.. # ##.#


You could see a porcupine.

Vanquished Creatures
  The ghost of riffraff the Ruffian, a novice TrMo of Okawaru (D:6)
  The ghost of Blunderbuss the Covered, a novice TeFi of Gozag (D:7)
  A troll (D:6)
  Eustachio (D:6)
  A hippogriff (D:8)
  2 porcupines (D:8)
  Duvessa (D:5)
  2 orc warriors (D:6)
  3 black bears
  A sky beast (D:7)
  A crocodile (D:6)
  5 centaurs
  3 giant frogs
  3 scorpions
  Dowan (D:5)
  A wight (D:6)
  2 crimson imps
  A centaur zombie (D:7)
  3 hounds
  Crazy Yiuf (D:3)
  5 orc priests
  Ijyb (D:2)
  A centaur skeleton (D:5)
  A jelly (D:6)
  2 orc wizards
  3 worker ants
  7 sheep (D:8)
  7 adders
  A shadow imp (D:5)
  2 oozes
  An adder skeleton (D:5)
  2 adder zombies
  5 worms
  4 giant geckos
  17 orcs
  11 bats
  2 giant cockroaches
  5 hobgoblins
  2 jackals (D:5)
  3 quokkas
  A giant gecko skeleton (D:4)
  A giant gecko zombie (D:5)
  2 giant newts
  5 goblins
  A jackal skeleton (D:3)
  11 kobolds
  A quokka skeleton (D:4)
  9 rats
  A plant (D:6)
149 creatures vanquished.

Vanquished Creatures (others)
  4 plants
4 creatures vanquished.

Grand Total: 153 creatures vanquished

Notes
Turn   | Place    | Note
--------------------------------------------------------------
     0 | D:1      | PossumBlood the Formicid Fighter began the quest for the Orb.
     0 | D:1      | Reached XP level 1. HP: 18/18 MP: 1/1
   417 | D:1      | Reached XP level 2. HP: 21/24 MP: 2/2
   775 | D:2      | Noticed Ijyb
   785 | D:2      | Reached XP level 3. HP: 19/29 MP: 3/3
   792 | D:2      | Killed Ijyb
   792 | D:2      | Reached XP level 4. HP: 20/35 MP: 4/4
   793 | D:2      | Reached skill level 4 in Axes
  1630 | D:3      | Reached XP level 5. HP: 33/41 MP: 5/5
  1636 | D:3      | Reached skill level 5 in Axes
  1926 | D:3      | Reached XP level 6. HP: 29/47 MP: 6/6
  2254 | D:3      | Reached skill level 6 in Axes
  2595 | D:3      | Noticed Crazy Yiuf
  2601 | D:3      | Killed Crazy Yiuf
  3411 | D:4      | Reached XP level 7. HP: 52/52 MP: 7/7
  3508 | D:5      | Entered Level 5 of the Dungeon
  3508 | D:5      | Found a glowing silver altar of Zin.
  3508 | D:5      | Found a glowing golden altar of the Shining One.
  3509 | D:5      | Found a sacrificial altar of Ru.
  3510 | D:5      | Found an iron altar of Okawaru.
  3513 | D:5      | Found an ancient bone altar of Kikubaaqudgha.
  3514 | D:5      | Found a burning altar of Makhleb.
  3514 | D:5      | Found an opulent altar of Gozag.
  3520 | D:5      | Became a worshipper of Warmaster Okawaru
  3547 | D:5      | Reached skill level 7 in Axes
  3601 | D:5      | Noticed Duvessa
  3603 | D:5      | Noticed Dowan
  3607 | D:5      | Killed Dowan
  3611 | D:5      | Killed Duvessa
  3611 | D:5      | Reached * piety under Okawaru
  3611 | D:5      | Reached skill level 8 in Axes
  3711 | D:5      | Reached XP level 8. HP: 35/58 MP: 8/8
  3976 | D:5      | Reached skill level 9 in Axes
  4419 | D:5      | Reached ** piety under Okawaru
  4483 | D:6      | Noticed Eustachio
  4488 | D:6      | Killed Eustachio
  4488 | D:6      | Reached skill level 10 in Axes
  4514 | D:6      | Found a staircase to the Ecumenical Temple.
  4560 | D:6      | Found a blossoming altar of Fedhas.
  4702 | D:6      | Reached XP level 9. HP: 34/64 MP: 9/9
  4792 | D:6      | Noticed riffraff's ghost (novice TrMo)
  4802 | D:6      | Killed riffraff's ghost
  4802 | D:6      | Reached *** piety under Okawaru
  4802 | D:6      | Reached skill level 11 in Axes
  5134 | D:6      | Found Ykkuucoa's General Store.
  5170 | D:6      | Noticed a troll
  5181 | D:6      | Killed a troll
  5182 | D:6      | Reached skill level 12 in Axes
  5803 | D:7      | Noticed Blunderbuss's ghost (novice TeFi)
  5821 | D:7      | Killed Blunderbuss's ghost
  5821 | D:7      | Reached **** piety under Okawaru
  5821 | D:7      | Reached skill level 13 in Axes
  5821 | D:7      | Reached XP level 10. HP: 47/70 MP: 10/10
  6390 | D:8      | Found a staircase to the Lair.
  6419 | D:8      | HP: 1/70 [porcupine (3)]
  6423 | D:8      | Impaled on a porcupine's spines

Action                   |  1- 3 |  4- 6 |  7- 9 | 10-12 || total
-------------------------+-------+-------+-------+-------++-------
Melee: War axe           |    44 |   162 |   161 |    30 ||   397
Invok: Heroism           |       |       |     2 |     1 ||     3
  Use: Scroll            |       |    12 |     8 |     3 ||    23
       Potion            |       |       |     2 |     3 ||     5
  Eat: Fruit             |       |     3 |     1 |     1 ||     5
       Bread ration      |       |     2 |     1 |       ||     3
